 Dungeon Crawl Stone Soup version 0.18.1-47-g9310371 (webtiles) character file.

140 shinobufag the Shield-Bearer (level 5, 0/46 HPs)
             Began as a Minotaur Fighter on June 23, 2016.
             Killed by nerve-wracking pain
             ... invoked by an orc priest
              (2 damage)
             ... on level 3 of the Dungeon.
             The game lasted 00:07:07 (1660 turns).

shinobufag the Shield-Bearer (Minotaur Fighter)     Turns: 1660, Time: 00:07:08

Health: 0/46       AC:  5    Str: 26    XL:     5   Next: 2%
Magic:  4/4        EV:  9    Int:  5    God:
Gold:   83         SH: 10    Dex: 10    Spells: 0 memorised, 4 levels left

rFire  . . .     SeeInvis .     a - +0 flail
rCold  . . .     Gourm    .     f - +0 ring mail
rNeg   . . .     Faith    .     c - +0 shield
rPois  .         Spirit   .     (helmet restricted)
rElec  .         Dismiss  .     (no cloak)
rCorr  .         Reflect  .     (no gloves)
SustAt .         Harm     .     (no boots)
MR     .....                    (no amulet)
Stlth  ..........               (no ring)
                                (no ring)

@: mighty, flying (expiring), not resistant to hostile enchantments, extremely
unstealthy
A: retaliatory headbutt, horns 2
a: no special abilities


You were on level 3 of the Dungeon.
You were not hungry.

You visited 1 branch of the dungeon, and saw 3 of its levels.

You collected 83 gold pieces.

Inventory:

Hand Weapons
 a - a +0 flail (weapon)
Armour
 b - a +0 scale mail
 c - a +0 shield (worn)
 f - a +0 ring mail (worn)
Jewellery
 e - a +5 ring of dexterity {unknown}
 q - an uncursed amulet of rage {unknown}
Scrolls
 m - 2 scrolls of amnesia
 n - 2 scrolls of identify
 p - a scroll of remove curse
Potions
 j - a potion of agility
Comestibles
 k - 9 fruits
 o - a bread ration


   Skills:
 + Level 4.3 Fighting
 + Level 2.9 Maces & Flails
 + Level 4.3 Armour
 + Level 2.3 Dodging
 + Level 5.0 Shields


You had 4 spell levels left.
You didn't know any spells.

Dungeon Overview and Level Annotations

Branches:
Dungeon (3/15)

Altars:
Fedhas
Gozag
Nemelex Xobeh


Innate Abilities, Weirdness & Mutations

You reflexively headbutt those who attack you in melee.
You have a pair of horns on your head.


Message History

* * * LOW HITPOINT WARNING * * *
You feel yourself speed up. The orc barely misses you. You furiously retaliate!
You headbutt the orc!!
You kill the orc!
You feel a little less agile now.
You feel less exhausted.
A worm comes into view.
An orc comes into view. It is wielding a flail.
You are starting to lose your buoyancy.
The orc shouts!
Found a potion of curing.
The orc priest invokes the aid of Beogh against you.
Pain shoots through your body!
* * * LOW HITPOINT WARNING * * *
You block the orc priest's attack. You block the orc's attack.
The worm bites you.
* * * LOW HITPOINT WARNING * * *
The orc priest invokes the aid of Beogh against you.
Pain shoots through your body!
You die...

.............#
.............#
.............# # ###
.†...........####.# ....
........####......#.....
........# #......+.....
[.......#####.#####.....
...<....##............!.
........#.......@w......
........#......o........
........#......o........
###...###.........o.....
....# #.#########.....
....# #.# ##### .....
#.##########
#..)o).....#
##########.#######


You could see a worm, an orc priest and 2 orcs.

Vanquished Creatures
  An orc wizard (D:3)
  2 adders (D:2)
  An ooze (D:1)
  A worm (D:2)
  A dart slug (D:2)
  3 giant geckos
  3 orcs (D:3)
  A ball python (D:2)
  2 giant cockroaches
  2 goblins (D:1)
  10 hobgoblins
  12 jackals
  12 bats
  3 giant newts
  11 kobolds
  9 rats
74 creatures vanquished.

Notes
Turn   | Place    | Note
--------------------------------------------------------------
     0 | D:1      | shinobufag the Minotaur Fighter began the quest for the Orb.
     0 | D:1      | Reached XP level 1. HP: 19/19 MP: 0/0
    89 | D:1      | Reached skill level 4 in Shields
    95 | D:1      | Reached XP level 2. HP: 25/27 MP: 1/1
   198 | D:1      | Reached XP level 3. HP: 26/33 MP: 2/2
   921 | D:2      | Reached skill level 1 in Dodging
  1131 | D:2      | Reached XP level 4. HP: 28/40 MP: 3/3
  1377 | D:2      | Found a sparkling altar of Nemelex Xobeh.
  1378 | D:2      | Found an opulent altar of Gozag.
  1456 | D:2      | Found a blossoming altar of Fedhas.
  1618 | D:3      | Reached skill level 5 in Shields
  1642 | D:3      | Reached XP level 5. HP: 16/46 MP: 4/4
  1657 | D:3      | HP: 2/46 [orc priest/nerve-wracking pain (3)]
  1660 | D:3      | Killed from afar by an orc priest

Skill      XL: |  1  2  3  4 |
---------------+-------------+-----
Shields        | 4 5 |  5.0
Fighting       | 4 |  4.3
Armour         | 4 |  4.3
Dodging        | 1 2 |  2.3
Maces & Flails | |  2.9

Action                   |  1- 3 |  4- 6 || total
-------------------------+-------+-------++-------
Melee: Flail             |   118 |    67 ||   185
       Headbutt          |    13 |     8 ||    21
  Use: Potion            |       |     5 ||     5
       Scroll            |       |     3 ||     3
  Eat: Bread ration      |     1 |       ||     1
Armor: Scale mail        |    65 |       ||    65
       Ring mail         |    12 |    29 ||    41
Dodge: Dodged            |    55 |    43 ||    98
Block: Shield            |    96 |    62 ||   158
